 Dungeon Crawl Stone Soup version 0.21.1-1-g345015f (webtiles) character file.

1115 Mgcat the Fighter (level 8, 0/77 HPs)
             Began as a Barachi Fighter on Mar 11, 2018.
             Was an Initiate of Gozag.
             Slain by an orc warrior
             ... wielding a +0 dire flail
              (20 damage)
             ... on level 7 of the Dungeon.
             The game lasted 00:10:31 (4258 turns).

Mgcat the Fighter (Barachi Fighter)                 Turns: 4258, Time: 00:10:31

Health: 0/77       AC:  9    Str: 21    XL:     8   Next: 34%
Magic:  8/8        EV:  7    Int:  8    God:    Gozag
Gold:   591        SH:  9    Dex: 11    Spells: 7/7 levels left

rFire    . . .     SeeInvis +   a - +4 war axe
rCold    + . .     Gourm    .   c - +0 shield
rNeg     . . .     Faith    .   v - +0 scale mail "Domnaunt" {rC+} (curse)
rPois    .         Spirit   .   (no helmet)
rElec    +         Reflect  .   (no cloak)
rCorr    .         Harm     .   m - +0 pair of gloves
MR       .....                  e - +0 pair of boots
Stlth    ..........             (no amulet)
HPRegen  0.22/turn              p - ring of see invisible {sInv, !d}
MPRegen  0.11/turn              (no ring)

@: slow
A: +LOS, swims, deterioration 1, robust 1, electricity resistance, slowness 1,
strong legs 1
a: Hop, Potion Petition, Call Merchant, Bribe Branch, Renounce Religion


You were on level 7 of the Dungeon.
You worshipped Gozag.
Gozag was pleased with you.
You were hungry.

You visited 1 branch of the dungeon, and saw 7 of its levels.

You collected 591 gold pieces.

Inventory:

Hand Weapons
 a - a +4 war axe (weapon)
Missiles
 j - 4 javelins
 k - 7 tomahawks
 o - 2 tomahawks of returning (quivered)
 u - 2 throwing nets {=f, !d}
Armour
 b - a +0 scale mail
 c - a +0 shield (worn)
 e - a +0 pair of boots (worn)
   (You found it on level 3 of the Dungeon)
 m - a +0 pair of gloves (worn)
   (You found it on level 2 of the Dungeon)
 v - the cursed +0 scale mail "Domnaunt" (worn) {rC+}
   (You found it on level 6 of the Dungeon)

   It protects you from cold.
   It has a curse placed upon it.
Jewellery
 p - a ring of see invisible (left hand) {sInv, !d}
   (You found it on level 4 of the Dungeon)
Wands
 g - a wand of enslavement (11)
   (You found it on level 4 of the Dungeon)
Scrolls
 h - 4 scrolls of remove curse
 n - a scroll of identify
 q - 3 scrolls of fear {unknown}
 t - a scroll of amnesia {unknown}
 w - a scroll of immolation {unknown}
Potions
 i - 2 potions of magic
 l - a potion of ambrosia
 r - a potion of brilliance
 s - a potion of flight
Books
 d - a book of Minor Magic
   (You found it on level 3 of the Dungeon)
Comestibles
 f - 8 rations


   Skills:
 + Level 8.9 Fighting
 + Level 7.7 Axes
 - Level 3.6 Armour
 - Level 3.2 Shields


You had 7 spell levels left.
You didn't know any spells.

Dungeon Overview and Level Annotations

Branches:
Dungeon (7/15)             Temple (0/1) D:5

Altars:
Elyvilon
Gozag
Yredelemnul

Annotations:
D:2 1 runed door


Innate Abilities, Weirdness & Mutations

Shadows flee at your approach. (+LOS)
You can swim through water.
You cover ground slowly.
You can hop short distances.
Your body sometimes deteriorates upon taking damage.
You are robust. (+10% HP)
You are resistant to electric shocks. (rElec)


Message History

The wyvern bites you! x2
You are too injured to fight recklessly!
You are too injured to fight recklessly!
You are too injured to fight recklessly!
You are too injured to fight recklessly!
You slash the wyvern!
The wyvern is almost dead.
The wyvern bites you but does no damage.
The wyvern barely misses you.
You completely miss the wyvern.
The wyvern is almost dead.
The wyvern bites you. The wyvern closely misses you.
You barely miss the wyvern.
The wyvern is almost dead.
The wyvern hisses menacingly.
The wyvern bites you. x2
You closely miss the wyvern.
The wyvern is almost dead.
The wyvern bites you.
You slash the wyvern!
You kill the wyvern!
You are feeling hungry.
You now have 591 gold pieces (gained 17).
An orc comes into view. It is wielding a club.
The orc shouts!
The orc moves out of view.
An orc warrior comes into view. It is wielding a dire flail.
An orc wizard comes into view. It is wielding a dagger.
The orc wizard shouts!
Found an escape hatch in the floor.
The orc warrior is distracted by your gold.
The orc barely misses you.
The orc warrior shouts!
You slash the orc!
You kill the orc!
The orc wizard hits you with a dagger.
Things that are here:
5 gold pieces; a club; a ring mail You slash the orc wizard!
The orc wizard is severely wounded.
You slash the orc wizard!
You kill the orc wizard!
The orc warrior is no longer distracted by gold.
The orc warrior throws a tomahawk.
The tomahawk barely misses you.
The orc warrior throws a tomahawk.
The tomahawk barely misses you.
The orc warrior throws a tomahawk.
The tomahawk hits you!
Throwing (i - inventory. (,) - cycle):
o - 6 tomahawks of returning (quivered)
Press: ? - help, Shift-Dir - straight line, f - orc warrior
Aim: an orc warrior, wielding a dire flail and wearing a chain mail You throw a tomahawk of returning.
The tomahawk of returning hits the orc warrior but does no damage.
The tomahawk of returning fails to return to your pack!
The orc warrior throws a tomahawk.
You block the tomahawk.
The orc warrior throws a tomahawk.
You block the tomahawk.
Throwing (i - inventory. (,) - cycle):
o - 5 tomahawks of returning (quivered)
Press: ? - help, Shift-Dir - straight line, f/p - orc warrior
Aim: an orc warrior, wielding a dire flail and wearing a chain mail You throw a tomahawk of returning.
The tomahawk of returning hits the orc warrior but does no damage.
The tomahawk of returning fails to return to your pack!
The orc warrior throws a tomahawk.
You block the tomahawk.
Throwing (i - inventory. (,) - cycle):
o - 4 tomahawks of returning (quivered)
Press: ? - help, Shift-Dir - straight line, f/p - orc warrior
Aim: an orc warrior, wielding a dire flail and wearing a chain mail You throw a tomahawk of returning.
The tomahawk of returning completely misses the orc warrior.
The tomahawk of returning fails to return to your pack!
The orc warrior throws a tomahawk.
You block the tomahawk.
Throwing (i - inventory. (,) - cycle):
o - 3 tomahawks of returning (quivered)
Press: ? - help, Shift-Dir - straight line, f/p - orc warrior
Aim: an orc warrior, wielding a dire flail and wearing a chain mail You throw a tomahawk of returning.
The tomahawk of returning hits the orc warrior but does no damage.
The tomahawk of returning fails to return to your pack!
You hit the orc warrior.
The orc warrior is lightly wounded.
You block the orc warrior's attack.
You hit the orc warrior.
The orc warrior is moderately wounded.
The orc warrior hits you but does no damage.
You hit the orc warrior.
The orc warrior is moderately wounded.
You block the orc warrior's attack.
You hit the orc warrior but do no damage.
The orc warrior is moderately wounded.
The orc warrior hits you with a dire flail.
You hit the orc warrior but do no damage.
The orc warrior is moderately wounded.
The orc warrior hits you with a dire flail.
You hit the orc warrior.
The orc warrior is heavily wounded.
The orc warrior hits you with a dire flail!
* * * LOW HITPOINT WARNING * * *
Okay, then.
Unknown command.
You closely miss the orc warrior.
The orc warrior is heavily wounded.
The orc warrior hits you with a dire flail!!
You die...
Your body crumbles into a pile of gold.

..# ..# ..#
..# ###..#
#$(..#
#$##...>...
#o# ######
#@# #.# #.#
#.# #.# #.#
#.# .# #.#
.# #.# #.#


You could see an orc warrior.

Vanquished Creatures
  A wyvern (D:7)
  The ghost of appiemonkey the Skirmisher, an amateur DsCK of Xom (D:3)
  A sky beast (D:4)
  An ogre (D:5)
  2 scorpions
  A howler monkey (D:6)
  A crimson imp (D:6)
  2 orc wizards
  2 hounds
  A bullfrog skeleton (D:4)
  An iguana (D:4)
  Terence (D:2)
  5 worker ants
  A hound zombie (D:6)
  A worker ant zombie (D:6)
  3 gnolls (D:3)
  3 adders
  2 oozes
  An adder zombie (D:5)
  2 worms
  3 dart slugs
  3 leopard geckos (D:4)
  13 orcs
  4 giant cockroaches
  5 goblins
  5 hobgoblins
  4 jackals
  9 bats
  A frilled lizard (D:5)
  5 kobolds
  8 rats
93 creatures vanquished.

Notes
Turn   | Place    | Note
-------+----------+-------------------------------------------
     0 | D:1      | Mgcat the Barachi Fighter began the quest for the Orb.
     0 | D:1      | Reached XP level 1. HP: 18/18 MP: 1/1
   332 | D:1      | Reached XP level 2. HP: 22/25 MP: 2/2
   395 | D:1      | Reached skill level 4 in Fighting
   941 | D:2      | Reached skill level 3 in Axes
   943 | D:2      | Reached XP level 3. HP: 14/31 MP: 3/3
  1195 | D:2      | Found a faded altar of an unknown god.
  1228 | D:2      | Became a worshipper of Gozag Ym Sagoz the Greedy
  1284 | D:2      | Gained mutation: Your body sometimes deteriorates upon taking damage. [potion of mutation]
  1284 | D:2      | Gained mutation: You are resistant to electric shocks. (rElec) [potion of mutation]
  1284 | D:2      | Gained mutation: You are robust. (+10% HP) [potion of mutation]
  1492 | D:2      | Reached XP level 4. HP: 36/41 MP: 4/4
  1546 | D:2      | Found a runed door.
  1546 | D:2      | Noticed a human
  1547 | D:2      | Found a basalt altar of Yredelemnul.
  1560 | D:2      | Noticed Terence
  1568 | D:2      | Killed Terence
  1568 | D:2      | Reached skill level 5 in Fighting
  1700 | D:3      | HP: 9/42 [hound (3)]
  1700 | D:3      | HP: 4/42 [hound (5)]
  1716 | D:3      | HP: 5/42 [bat (1)]
  1721 | D:3      | HP: 4/42 [bat (1)]
  1736 | D:2      | Reached skill level 4 in Axes
  1736 | D:2      | Reached XP level 5. HP: 7/48 MP: 5/5
  1969 | D:3      | Noticed appiemonkey's ghost (amateur DsCK)
  2002 | D:3      | Killed appiemonkey's ghost
  2002 | D:3      | Reached skill level 6 in Fighting
  2002 | D:3      | Reached skill level 5 in Axes
  2002 | D:3      | Reached XP level 6. HP: 22/57 MP: 6/6
  2809 | D:4      | Noticed a sky beast
  2818 | D:4      | Killed a sky beast
  2818 | D:4      | Reached skill level 7 in Fighting
  2818 | D:4      | Reached skill level 6 in Axes
  2818 | D:4      | Reached XP level 7. HP: 46/66 MP: 7/7
  2943 | D:5      | Entered Level 5 of the Dungeon
  2945 | D:5      | Found a staircase to the Ecumenical Temple.
  3055 | D:5      | Reached skill level 8 in Fighting
  3382 | D:5      | Found a white marble altar of Elyvilon.
  3566 | D:6      | Reached skill level 7 in Axes
  3584 | D:6      | Reached XP level 8. HP: 74/74 MP: 8/8
  3678 | D:6      | Got a bronze scale mail
  3689 | D:6      | Identified the cursed +0 scale mail "Domnaunt" {rC+} (You found it on level 6 of the Dungeon)
  4208 | D:7      | Noticed a wyvern
  4219 | D:7      | Killed a wyvern
  4258 | D:7      | Slain by an orc warrior

Skill      XL: |  1  2  3  4  5  6  7 |
---------------+----------------------+-----
Fighting       | 4 5 6 7 8 |  8.9
Axes           | 3 4 5 6 7 |  7.7
Armour         | |  3.6
Shields        | |  3.2

Action                   |  1- 3 |  4- 6 |  7- 9 || total
-------------------------+-------+-------+-------++-------
Melee: War axe           |    90 |   141 |    93 ||   324
Throw: Tomahawk          |       |     1 |     9 ||    10
  Use: Potion            |     1 |     2 |       ||     3
       Scroll            |       |    10 |     5 ||    15
  Eat: Chunk             |     2 |       |       ||     2
       Ration            |       |     1 |     2 ||     3
Armor: Scale mail        |    50 |    79 |    28 ||   157
Dodge: Dodged            |    32 |    52 |    28 ||   112
Block: Shield            |    46 |    77 |    33 ||   156

Vault maps used:
D:1:      lightli_arrival_noodles
D:2:      chequers_ecumenical_altar_simple, hangedman_decor_clover_reticule,
          st_stairs_9, grunt_ministairs_8, dk_yredelemnul_ordeal, uniq_terence
D:4:      first_ration
D:5:      kennysheep_little_box, minmay_temple_entry_glass
D:6:      serial_aquarium, aquarium_bridge_long_separate, aquarium_window_1,
          aquarium_window_fake, aquarium_window_1, aquarium_view_2b,
          aquarium_view_2b
D:7:      supply_closet_lemuel

Table legend:
 A = Turns spent in this place as a percentage of turns spent in the entire game.
 B = Non-inter-level travel turns spent in this place as a percentage of non-inter-level travel turns spent in the entire game.
 C = Inter-level travel turns spent in this place as a percentage of turns spent in this place.
 D = Turns resting spent in this place as a percentage of non-inter-level travel turns spent in this place.
 E = Turns spent auto-exploring this place as a percentage of non-inter-level travel turns spent in this place.
 F = Non-inter-level travel turns spent in this place divided by the number of levels of this place that you've seen.
                   A       B       C       D       E      F
               +-------+-------+-------+-------+-------+----------------------
         Total | 100.0 | 100.0 |   3.7 |   0.1 |  78.6 | 585.7
       Dungeon | 100.0 | 100.0 |   3.7 |   0.1 |  78.6 | 585.7
               +-------+-------+-------+-------+-------+----------------------

Table legend:
 A = Kills in this place as a percentage of kills in entire the game.
 B = Kills by you in this place as a percentage of kills by you in the entire game.
 C = Kills by friends in this place as a percentage of kills by friends in the entire game.
 D = Other kills in this place as a percentage of other kills in the entire game.
 E = Experience gained in this place as a percentage of experience gained in the entire game.
 F = Experience gained in this place divided by the number of levels of this place that you have seen.
                   A       B       C       D       E      F
               +-------+-------+-------+-------+-------+----------------------
         Total | 100.0 | 100.0 |   N/A |   N/A | 100.0 | 227.7
       Dungeon | 100.0 | 100.0 |   N/A |   N/A | 100.0 | 227.7
               +-------+-------+-------+-------+-------+----------------------
